| TOP OF THE 1ST |
|
Oklahoma City Dodgers batting - Pitching for Reno Aces : LHP John Salzmann
|
|
Pitching: LHP John Salzmann
|
|
|
Batting: RHB Jeremy Giesler
|
0-0: Called Strike 0-1: Swinging Strike 0-2: Ball 1-2: Ball 2-2: Ball 3-2: Base on Balls
|
|
Batting: LHB Tony Vitela
|
0-0: Ball Jeremy Giesler steals 2nd base 1-0: Swinging Strike 1-1: Ground out U3 (Groundball, 3L, EV 87.5 MPH) Jeremy Giesler to third
|
|
Batting: SHB Ken Welch
|
0-0: Swinging Strike 0-1: Swinging Strike 0-2: Foul Ball, location: 2F 0-2: Ball 1-2: Foul Ball, location: 2F 1-2: Ground out 6-3 (Groundball, 6, EV 85.0 MPH) Jeremy Giesler scores
|
|
Batting: RHB Mike Dodson
|
0-0: Fly out, F4 (Line Drive, 34, EV 69.4 MPH)
|
| Top of the 1st over - 1 run, 0 hits, 0 errors, 0 left on base; Oklahoma City 1 - Reno 0 |
| BOTTOM OF THE 1ST |
|
Reno Aces batting - Pitching for Oklahoma City Dodgers : RHP Jean-Michel Hamon
|
|
Pitching: RHP Jean-Michel Hamon
|
|
|
Batting: RHB Ji-an Li
|
0-0: Ball 1-0: DOUBLE (Line Drive, 3D, EV 95.0 MPH)
|
|
Batting: RHB Dave Vargas
|
0-0: Ball 1-0: Called Strike 1-1: Ball 2-1: Foul Ball, location: 2F 2-2: Ball 3-2: Ground out 4-3 (Groundball, 4, EV 94.4 MPH) Ji-an Li to third
|
|
Batting: SHB Salvador Aragon
|
0-0: Called Strike 0-1: Ball 1-1: Foul Ball, location: 2F 1-2: Foul Ball, location: 2F 1-2: Ball 2-2: Foul Ball, location: 2F 2-2: DOUBLE (Flyball, 8LXD, EV 91.9 MPH) Ji-an Li scores
|
|
Batting: LHB Bobby Arevalo
|
0-0: Ball 1-0: Ball 2-0: Ball 3-0: Called Strike 3-1: Base on Balls
|
|
Batting: LHB Kyle Beaulieu
|
0-0: Called Strike 0-1: Ball 1-1: Fly out, F8 (Flyball, 8RS, EV 88.1 MPH)
|
|
Batting: RHB Ruben Garza
|
0-0: Ball 1-0: Foul Ball, location: 2F 1-1: Ball 2-1: Ball 3-1: Foul Ball, location: 2F 3-2: SINGLE (Groundball, 4MD, EV 104.4 MPH) Salvador Aragon to third Bobby Arevalo to second Salvador Aragon scores Bobby Arevalo to third
|
|
Batting: LHB Ian Jarvis
|
0-0: Called Strike 0-1: Ball 1-1: Ground out 5-3 (Groundball, 56S, EV 90.6 MPH)
|
| Bottom of the 1st over - 2 runs, 3 hits, 0 errors, 2 left on base; Oklahoma City 1 - Reno 2 |
| TOP OF THE 2ND |
|
Oklahoma City Dodgers batting - Pitching for Reno Aces : LHP John Salzmann
|
|
Batting: RHB Martin Chavez
|
0-0: Called Strike 0-1: Called Strike 0-2: Foul Ball, location: 2F 0-2: Strikes out swinging
|
|
Batting: RHB Jose Valtierra
|
0-0: Ball 1-0: Called Strike 1-1: Swinging Strike 1-2: Fly out, F7 (Line Drive, 7, EV 98.1 MPH)
|
|
Batting: RHB Jim Rogers
|
0-0: Foul Ball, location: 2F 0-1: Swinging Strike 0-2: Foul Ball, location: 2F 0-2: Foul Ball, location: 2F 0-2: Foul Ball, location: 2F 0-2: Foul Ball, location: 2F 0-2: Ball 1-2: DOUBLE (Flyball, 8RXD, EV 100.6 MPH)
|
|
Batting: LHB Tommy King
|
0-0: Fly out, F8 (Flyball, 78M, EV 88.8 MPH)
|
| Top of the 2nd over - 0 runs, 1 hit, 0 errors, 1 left on base; Oklahoma City 1 - Reno 2 |
| BOTTOM OF THE 2ND |
|
Reno Aces batting - Pitching for Oklahoma City Dodgers : RHP Jean-Michel Hamon
|
|
Batting: LHB Sumiki Okuhara
|
0-0: Ball 1-0: Ball 2-0: Ball 3-0: Called Strike 3-1: Called Strike 3-2: Base on Balls
|
|
Batting: LHB Steve Reinhart
|
0-0: Fly out, F6 (Line Drive, 6, EV 76.9 MPH)
|
|
Batting: RHB Ji-an Li
|
0-0: Ball 1-0: Ball 2-0: Foul Ball, location: 2F 2-1: Called Strike 2-2: Foul Ball, location: 2F 2-2: Fly out, F7 (Flyball, 78D, EV 96.2 MPH)
|
|
Batting: RHB Dave Vargas
|
0-0: Called Strike 0-1: Swinging Strike 0-2: Strikes out swinging
|
| Bottom of the 2nd over - 0 runs, 0 hits, 0 errors, 1 left on base; Oklahoma City 1 - Reno 2 |
| TOP OF THE 3RD |
|
Oklahoma City Dodgers batting - Pitching for Reno Aces : LHP John Salzmann
|
|
Batting: RHB Jorge Benites
|
0-0: Ground out 6-3 (Groundball, 6S, EV 83.8 MPH)
|
|
Batting: RHB Jeremy Giesler
|
0-0: Called Strike 0-1: Ball 1-1: Ball 2-1: Ground out U3 (Groundball, 34, EV 105.6 MPH)
|
|
Batting: LHB Tony Vitela
|
0-0: Ground out 5-3 (Groundball, 5, EV 83.8 MPH)
|
| Top of the 3rd over - 0 runs, 0 hits, 0 errors, 0 left on base; Oklahoma City 1 - Reno 2 |
| BOTTOM OF THE 3RD |
|
Reno Aces batting - Pitching for Oklahoma City Dodgers : RHP Jean-Michel Hamon
|
|
Batting: SHB Salvador Aragon
|
0-0: Ball 1-0: Ball 2-0: Ball 3-0: Called Strike 3-1: Base on Balls
|
|
Batting: LHB Bobby Arevalo
|
0-0: Swinging Strike 0-1: Fielders Choice at 2nd, 6-4 (Groundball, 6, EV 108.1 MPH)
|
|
Batting: LHB Kyle Beaulieu
|
0-0: Ball Pickoff Throw to First - Out! 1-3 1-0: Ball 2-0: Called Strike 2-1: Foul Ball, location: 2F 2-2: Strikes out swinging
|
| Bottom of the 3rd over - 0 runs, 0 hits, 0 errors, 0 left on base; Oklahoma City 1 - Reno 2 |
| TOP OF THE 4TH |
|
Oklahoma City Dodgers batting - Pitching for Reno Aces : LHP John Salzmann
|
|
Batting: SHB Ken Welch
|
0-0: SINGLE (Groundball, 6MD, EV 102.5 MPH)
|
|
Batting: RHB Mike Dodson
|
0-0: Called Strike 0-1: Foul Ball, location: 2F 0-2: Strikes out swinging
|
|
Batting: RHB Martin Chavez
|
0-0: Called Strike 0-1: Grounds into double play, 4-6-3 (Groundball, 4, EV 107.5 MPH)
|
| Top of the 4th over - 0 runs, 1 hit, 0 errors, 0 left on base; Oklahoma City 1 - Reno 2 |
| BOTTOM OF THE 4TH |
|
Reno Aces batting - Pitching for Oklahoma City Dodgers : RHP Jean-Michel Hamon
|
|
Batting: RHB Ruben Garza
|
0-0: Called Strike 0-1: Ground out 4-3 (Groundball, 4MS, EV 67.5 MPH)
|
|
Batting: LHB Ian Jarvis
|
0-0: Ball 1-0: Called Strike 1-1: Swinging Strike 1-2: Ground out 3-1 (Groundball, 34, EV 83.1 MPH)
|
|
Batting: LHB Sumiki Okuhara
|
0-0: Ball 1-0: Swinging Strike 1-1: Foul Ball, location: 2F 1-2: Ground out 4-3 (Groundball, 4S, EV 87.5 MPH)
|
| Bottom of the 4th over - 0 runs, 0 hits, 0 errors, 0 left on base; Oklahoma City 1 - Reno 2 |
| TOP OF THE 5TH |
|
Oklahoma City Dodgers batting - Pitching for Reno Aces : LHP John Salzmann
|
|
Batting: RHB Jose Valtierra
|
0-0: Called Strike 0-1: Ball 1-1: Foul Ball, location: 2F 1-2: SINGLE (Groundball, 4MD, EV 103.8 MPH)
|
|
Batting: RHB Jim Rogers
|
0-0: Ball 1-0: Ball 2-0: Swinging Strike 2-1: Ball 3-1: Swinging Strike 3-2: Strikes out looking
|
|
Batting: LHB Tommy King
|
0-0: Ball 1-0: Called Strike 1-1: Ball 2-1: Ball 3-1: Called Strike 3-2: Strikes out swinging
|
|
Batting: RHB Jorge Benites
|
0-0: Ball 1-0: Foul Ball, location: 2F 1-1: Swinging Strike 1-2: Strikes out swinging
|
| Top of the 5th over - 0 runs, 1 hit, 0 errors, 1 left on base; Oklahoma City 1 - Reno 2 |
| BOTTOM OF THE 5TH |
|
Reno Aces batting - Pitching for Oklahoma City Dodgers : RHP Jean-Michel Hamon
|
|
Batting: LHB Steve Reinhart
|
0-0: Ball 1-0: Swinging Strike 1-1: Swinging Strike 1-2: Strikes out swinging
|
|
Batting: RHB Ji-an Li
|
0-0: Foul Ball, location: 2F 0-1: Ball 1-1: Ball 2-1: Foul Ball, location: 2F 2-2: Ball 3-2: SINGLE (Line Drive, 34D, EV 97.5 MPH)
|
|
Batting: RHB Dave Vargas
|
0-0: Called Strike 0-1: Ball 1-1: Called Strike 1-2: Ball 2-2: Ball 3-2: Foul Ball, location: 2F 3-2: Base on Balls Ji-an Li to second
|
|
Batting: SHB Salvador Aragon
|
0-0: Called Strike 0-1: Ball 1-1: Swinging Strike 1-2: Grounds into double play, 4-6-3 (Groundball, 4, EV 84.4 MPH)
|
| Bottom of the 5th over - 0 runs, 1 hit, 0 errors, 1 left on base; Oklahoma City 1 - Reno 2 |
| TOP OF THE 6TH |
|
Oklahoma City Dodgers batting - Pitching for Reno Aces : LHP John Salzmann
|
|
Batting: RHB Jeremy Giesler
|
0-0: Foul Ball, location: 2F 0-1: Ball 1-1: Ball 2-1: Swinging Strike 2-2: SINGLE (Line Drive, 56D, EV 98.8 MPH)
|
|
Batting: LHB Tony Vitela
|
0-0: Ball 1-0: Ball 2-0: Ball 3-0: Called Strike 3-1: Called Strike Jeremy Giesler steals 2nd base (no throw) 3-2: Foul Ball, location: 2F 3-2: Ground out 3-1 (Groundball, 34, EV 101.2 MPH) Jeremy Giesler to third
|
|
Batting: SHB Ken Welch
|
0-0: Ball 1-0: Ball 2-0: Foul Ball, location: 2F 2-1: SINGLE (Line Drive, 8RS, EV 91.9 MPH) Jeremy Giesler scores
|
|
Batting: RHB Mike Dodson
|
0-0: Ball 1-0: Foul Ball, location: 2F 1-1: SINGLE (Groundball, 6M, EV 104.4 MPH) (infield hit) Ken Welch to second
|
|
Batting: RHB Martin Chavez
|
0-0: Called Strike 0-1: Grounds into double play, 6-4-3 (Groundball, 6, EV 75.0 MPH)
|
| Top of the 6th over - 1 run, 3 hits, 0 errors, 1 left on base; Oklahoma City 2 - Reno 2 |
| BOTTOM OF THE 6TH |
|
Reno Aces batting - Pitching for Oklahoma City Dodgers : RHP Jean-Michel Hamon
|
|
Batting: LHB Bobby Arevalo
|
0-0: Called Strike 0-1: Foul Ball, location: 2F 0-2: Ball 1-2: Foul Ball, location: 2F 1-2: Ball 2-2: Strikes out swinging
|
|
Batting: LHB Kyle Beaulieu
|
0-0: Swinging Strike 0-1: Ground out 5-3 (Groundball, 56D, EV 90.6 MPH)
|
|
Batting: RHB Ruben Garza
|
0-0: Ball 1-0: SINGLE (Line Drive, 4MD, EV 99.4 MPH)
|
|
Batting: LHB Ian Jarvis
|
Pickoff Throw to First - Out! 1-3
|
| Bottom of the 6th over - 0 runs, 1 hit, 0 errors, 0 left on base; Oklahoma City 2 - Reno 2 |
| TOP OF THE 7TH |
|
Oklahoma City Dodgers batting - Pitching for Reno Aces : LHP John Salzmann
|
|
Batting: RHB Jose Valtierra
|
0-0: Ground out 5-3 (Groundball, 56S, EV 65.6 MPH)
|
|
Batting: RHB Jim Rogers
|
0-0: Foul Ball, location: 2F 0-1: Foul Ball, location: 2F 0-2: SINGLE (Line Drive, 3L, EV 97.5 MPH)
|
|
Batting: LHB Tommy King
|
0-0: Ball Jim Rogers is caught stealing 2nd base 2-6 1-0: Foul Ball, location: 2F 1-1: Fly out, F7 (Flyball, 7S, EV 85.6 MPH)
|
| Top of the 7th over - 0 runs, 1 hit, 0 errors, 0 left on base; Oklahoma City 2 - Reno 2 |
| BOTTOM OF THE 7TH |
|
Reno Aces batting - Pitching for Oklahoma City Dodgers : RHP Jean-Michel Hamon
|
|
Pitching: RHP Jason Englert
|
|
|
Batting: LHB Ian Jarvis
|
0-0: Swinging Strike 0-1: Ball 1-1: Swinging Strike 1-2: Ball 2-2: Foul Ball, location: 2F 2-2: Strikes out swinging
|
|
Batting: LHB Sumiki Okuhara
|
0-0: Called Strike 0-1: Called Strike 0-2: Ball 1-2: Foul Ball, location: 2F 1-2: Ground out U3 (Groundball, 3S, EV 63.8 MPH)
|
|
Batting: LHB Steve Reinhart
|
0-0: Ball 1-0: Called Strike 1-1: Ball 2-1: Ball 3-1: Base on Balls
|
|
Batting: RHB Ji-an Li
|
0-0: Ball 1-0: Ball 2-0: Ball 3-0: Called Strike 3-1: Fly out, F5 (Popup, 25F, EV 90.0 MPH)
|
| Bottom of the 7th over - 0 runs, 0 hits, 0 errors, 1 left on base; Oklahoma City 2 - Reno 2 |
| TOP OF THE 8TH |
|
Oklahoma City Dodgers batting - Pitching for Reno Aces : LHP John Salzmann
|
|
Batting: RHB Jorge Benites
|
0-0: Ball 1-0: Ball 2-0: Ground out 6-3 (Groundball, 6M, EV 87.5 MPH)
|
|
Batting: RHB Jeremy Giesler
|
0-0: Foul Ball, location: 2F 0-1: Ball 1-1: Ground out 6-3 (Groundball, 6, EV 105.0 MPH)
|
|
Batting: LHB Tony Vitela
|
0-0: Ball 1-0: Foul Ball, location: 2F 1-1: Ball 2-1: Ball 3-1: Base on Balls
|
|
Batting: SHB Ken Welch
|
0-0: Ball Tony Vitela is caught stealing 2nd base 2-4
|
| Top of the 8th over - 0 runs, 0 hits, 0 errors, 0 left on base; Oklahoma City 2 - Reno 2 |
| BOTTOM OF THE 8TH |
|
Reno Aces batting - Pitching for Oklahoma City Dodgers : RHP Jason Englert
|
|
Pitching: RHP Nate Allen
|
|
|
Batting: RHB Dave Vargas
|
0-0: Ball 1-0: Ball 2-0: Ball 3-0: Base on Balls
|
|
Batting: SHB Salvador Aragon
|
0-0: Called Strike 0-1: Ball 1-1: Ball 2-1: Fielders Choice at 2nd, 1-6 (Groundball, 34S, EV 71.9 MPH)
|
|
Batting: LHB Bobby Arevalo
|
0-0: Ball 1-0: Ball Wild Pitch! Salvador Aragon to second 2-0: Called Strike 2-1: Foul Ball, location: 2F 2-2: Ball 3-2: Base on Balls
|
|
Batting: LHB Kyle Beaulieu
|
0-0: Called Strike 0-1: Called Strike 0-2: Ball 1-2: Foul Ball, location: 2F 1-2: Strikes out swinging
|
|
Batting: RHB Ruben Garza
|
0-0: Foul Ball, location: 2F 0-1: Ball 1-1: Fly out, F7 (Flyball, 78D, EV 96.9 MPH)
|
| Bottom of the 8th over - 0 runs, 0 hits, 0 errors, 2 left on base; Oklahoma City 2 - Reno 2 |
| TOP OF THE 9TH |
|
Oklahoma City Dodgers batting - Pitching for Reno Aces : LHP John Salzmann
|
|
Pitching: RHP Bill Pauley
|
|
|
Batting: SHB Ken Welch
|
0-0: Called Strike 0-1: Foul Ball, location: 2F 0-2: Foul Ball, location: 2F 0-2: Ball 1-2: Foul Ball, location: 2F 1-2: Strikes out swinging
|
|
Pinch Hitting: LHB Yasahiko Teshima
|
0-0: Ground out 4-3 (Groundball, 34S, EV 84.4 MPH)
|
|
Batting: RHB Martin Chavez
|
0-0: Ball 1-0: Ball 2-0: Ball 3-0: Base on Balls
|
|
Pinch Hitting: SHB Nate Kopchak
|
0-0: Called Strike 0-1: Ball 1-1: Fly out, F8 (Flyball, 8LXD, EV 98.8 MPH)
|
| Top of the 9th over - 0 runs, 0 hits, 0 errors, 1 left on base; Oklahoma City 2 - Reno 2 |
| BOTTOM OF THE 9TH |
|
Reno Aces batting - Pitching for Oklahoma City Dodgers : RHP Nate Allen
|
|
Now at 3B: Vinny Vasquez
|
|
|
Now at SS: Frank Mullen
|
|
|
Batting: LHB Ian Jarvis
|
0-0: Called Strike 0-1: Swinging Strike 0-2: Strikes out swinging
|
|
Batting: LHB Sumiki Okuhara
|
0-0: Foul Ball, location: 2F 0-1: Called Strike 0-2: Strikes out swinging
|
|
Batting: LHB Steve Reinhart
|
0-0: Ball 1-0: Fly out, F8 (Line Drive, 8LM, EV 93.1 MPH)
|
| Bottom of the 9th over - 0 runs, 0 hits, 0 errors, 0 left on base; Oklahoma City 2 - Reno 2 |
| TOP OF THE 10TH |
|
Oklahoma City Dodgers batting - Pitching for Reno Aces : RHP Bill Pauley
|
|
Batting: RHB Jim Rogers
|
0-0: Called Strike 0-1: Called Strike 0-2: Strikes out looking
|
|
Batting: LHB Tommy King
|
0-0: Foul Ball, location: 2F 0-1: Ball 1-1: Foul Ball, location: 2F 1-2: Foul Ball, location: 2F 1-2: Foul Ball, location: 2F 1-2: Foul Ball, location: 2F 1-2: Strikes out swinging
|
|
Batting: RHB Jorge Benites
|
0-0: Called Strike 0-1: Ball 1-1: Swinging Strike 1-2: Strikes out swinging, 2-3 out at first.
|
| Top of the 10th over - 0 runs, 0 hits, 0 errors, 0 left on base; Oklahoma City 2 - Reno 2 |
| BOTTOM OF THE 10TH |
|
Reno Aces batting - Pitching for Oklahoma City Dodgers : RHP Nate Allen
|
|
Pitching: RHP Jared Wisham
|
|
|
Batting: RHB Ji-an Li
|
0-0: Ball 1-0: Ball 2-0: Ground out 6-3 (Groundball, 56, EV 100.6 MPH)
|
|
Batting: RHB Dave Vargas
|
0-0: Foul Ball, location: 2F 0-1: Ground out 6-3 (Groundball, 6, EV 100.6 MPH)
|
|
Batting: SHB Salvador Aragon
|
0-0: Ball 1-0: Ball 2-0: Foul Ball, location: 2F 2-1: Ball 3-1: Fly out, F6 (Popup, 6S, EV 66.9 MPH)
|
| Bottom of the 10th over - 0 runs, 0 hits, 0 errors, 0 left on base; Oklahoma City 2 - Reno 2 |
| TOP OF THE 11TH |
|
Oklahoma City Dodgers batting - Pitching for Reno Aces : RHP Bill Pauley
|
|
Batting: RHB Jeremy Giesler
|
0-0: Ball 1-0: Ball 2-0: Foul Ball, location: 2F 2-1: Foul Ball, location: 2F 2-2: Ball 3-2: Fly out, F8 (Flyball, 8LD, EV 88.1 MPH)
|
|
Batting: LHB Tony Vitela
|
0-0: Foul Ball, location: 2F 0-1: Ball 1-1: Ball 2-1: Foul Ball, location: 2F 2-2: Foul Ball, location: 2F 2-2: Fly out, F8 (Flyball, 78XD, EV 96.9 MPH)
|
|
Batting: SHB Ken Welch
|
0-0: Ball 1-0: Ball 2-0: Ball 3-0: Called Strike 3-1: Called Strike 3-2: Ground out 4-3 (Groundball, 4M, EV 101.2 MPH)
|
| Top of the 11th over - 0 runs, 0 hits, 0 errors, 0 left on base; Oklahoma City 2 - Reno 2 |
| BOTTOM OF THE 11TH |
|
Reno Aces batting - Pitching for Oklahoma City Dodgers : RHP Jared Wisham
|
|
Batting: LHB Bobby Arevalo
|
0-0: Ball 1-0: Swinging Strike 1-1: Ball 2-1: Foul Ball, location: 2F 2-2: Strikes out swinging
|
|
Batting: LHB Kyle Beaulieu
|
0-0: Ball 1-0: Fly out, F7 (Flyball, 78M, EV 83.1 MPH)
|
|
Batting: RHB Ruben Garza
|
0-0: Ball 1-0: Called Strike 1-1: Ball 2-1: Ball 3-1: Foul Ball, location: 2F 3-2: Ground out 6-3 (Groundball, 6, EV 102.5 MPH)
|
| Bottom of the 11th over - 0 runs, 0 hits, 0 errors, 0 left on base; Oklahoma City 2 - Reno 2 |
| TOP OF THE 12TH |
|
Oklahoma City Dodgers batting - Pitching for Reno Aces : RHP Bill Pauley
|
|
Pitching: RHP Nick Burcham
|
|
|
Batting: RHB Vinny Vasquez
|
0-0: Ball 1-0: SOLO HOME RUN (Flyball, 7LD, EV 93.8 MPH), Distance : 357 ft
|
|
Batting: RHB Martin Chavez
|
0-0: Called Strike 0-1: Called Strike 0-2: Strikes out swinging
|
|
Batting: LHB Frank Mullen
|
0-0: SINGLE (Flyball, 34D, EV 88.8 MPH)
|
|
Batting: RHB Jim Rogers
|
0-0: Ball Frank Mullen steals 2nd base 1-0: Called Strike 1-1: Called Strike Frank Mullen steals 3rd base 1-2: Ball 2-2: Foul Ball, location: 2F 2-2: SINGLE (Groundball, 56D, EV 95.0 MPH) Frank Mullen scores
|
|
Batting: LHB Tommy King
|
0-0: Ball 1-0: Ball 2-0: Swinging Strike 2-1: Swinging Strike 2-2: Ball 3-2: Strikes out swinging
|
|
Batting: RHB Jorge Benites
|
0-0: Called Strike 0-1: Ball 1-1: Fielders Choice at 2nd, 6-4 (Groundball, 6, EV 108.1 MPH)
|
| Top of the 12th over - 2 runs, 3 hits, 0 errors, 1 left on base; Oklahoma City 4 - Reno 2 |
| BOTTOM OF THE 12TH |
|
Reno Aces batting - Pitching for Oklahoma City Dodgers : RHP Jared Wisham
|
|
Batting: LHB Ian Jarvis
|
0-0: Ball 1-0: Foul Ball, location: 2F 1-1: Ball 2-1: Called Strike 2-2: Foul Ball, location: 2F 2-2: Foul Ball, location: 2F 2-2: Ball 3-2: Foul Ball, location: 2F 3-2: Base on Balls
|
|
Batting: LHB Sumiki Okuhara
|
0-0: Ball 1-0: Called Strike 1-1: Foul Ball, location: 2F 1-2: Foul Ball, location: 2F 1-2: Foul Ball, location: 2F 1-2: Fly out, F7 (Flyball, 7, EV 95.6 MPH)
|
|
Batting: LHB Steve Reinhart
|
0-0: Called Strike 0-1: Ball 1-1: Fly out, F8 (Flyball, 8LD, EV 99.4 MPH)
|
|
Pitching: RHP Jon Schau
|
|
|
Batting: RHB Ji-an Li
|
0-0: Called Strike 0-1: SINGLE (Groundball, 6MD, EV 96.9 MPH) Ian Jarvis to second
|
|
Batting: RHB Dave Vargas
|
0-0: Fielders Choice at 2nd, 5-4 (Groundball, 56, EV 102.5 MPH)
|
| Bottom of the 12th over - 0 runs, 1 hit, 0 errors, 2 left on base; Oklahoma City 4 - Reno 2 |
|